 Dungeon Crawl Stone Soup version 0.21.1-1-g345015f (webtiles) character file.

104 letownia2 the Poker (level 4, -4/34 HPs)
             Began as a Merfolk Skald on Mar 11, 2018.
             Was an Initiate of Cheibriados.
             Slain by an orc priest
             ... wielding a cursed +0 short sword
              (6 damage)
             ... on level 5 of the Dungeon.
             The game lasted 00:05:44 (908 turns).

letownia2 the Poker (Merfolk Skald)                  Turns: 908, Time: 00:05:45

Health: -4/34      AC:  3    Str: 12    XL:     4   Next: 80%
Magic:  7/7        EV: 12    Int: 14    God:    Cheibriados [......]
Gold:   125        SH:  0    Dex: 14    Spells: 1/7 levels left

rFire    . . .     SeeInvis .   a - +5 dagger (venom)
rCold    . . .     Gourm    .   (no shield)
rNeg     . . .     Faith    .   b - +0 leather armour
rPois    .         Spirit   .   (no helmet)
rElec    .         Reflect  .   (no cloak)
rCorr    .         Harm     .   (no gloves)
MR       .....                  (no boots)
Stlth    +.........             (no amulet)
HPRegen  0.11/turn              (no ring)
MPRegen  0.10/turn              (no ring)

@: very slow
A: change form in water, swift swim, stealthy swim
a: Bend Time, Renounce Religion


You were on level 5 of the Dungeon.
You worshipped Cheibriados.
Cheibriados was noncommittal.
You were not hungry.

You visited 2 branches of the dungeon, and saw 6 of its levels.

You collected 125 gold pieces.

Inventory:

Hand Weapons
 a - a +5 dagger of venom (weapon)
 e - a +0 spear
 o - a +0 trident
Armour
 b - a +0 leather armour (worn)
 k - a +0 scale mail
 p - a cursed +0 ring mail
Scrolls
 f - 4 scrolls of identify {unknown}
 g - a scroll of fear {unknown}
 h - 3 scrolls of remove curse {unknown}
 i - 2 scrolls of enchant armour {unknown}
 j - 3 scrolls of fog {unknown}
Potions
 l - a potion of curing {unknown}
 m - a potion of haste {unknown}
Books
 c - a book of Battle

   Spells                             Type                      Level
   a - Infusion                       Charms                       1
   b - Shroud of Golubria             Charms/Translocation         2
   c - Song of Slaying                Charms                       2
   d - Spectral Weapon                Hexes/Charms                 3
   e - Regeneration                   Charms/Necromancy            3
Comestibles
 d - 6 rations


   Skills:
 + Level 2.3 Fighting
 - Level 5.0 Polearms
 - Level 0.6 Armour
 - Level 2.6 Dodging
 + Level 2.0 Spellcasting
 + Level 1.4 Hexes
 + Level 3.8 Charms
 - Level 1.4 Translocations


You had one spell level left.
You knew the following spells:

 Your Spells              Type           Power        Failure   Level  Hunger
a - Infusion              Chrm           ##..         6%          1    ##.....
t - Shroud of Golubria    Chrm/Tloc      #.........   16%         2    ###....
x - Spectral Weapon       Hex/Chrm       #.......     30%         3    ####...


Dungeon Overview and Level Annotations

Branches:
Dungeon (5/15)             Temple (1/1) D:4

Altars:
Cheibriados
Makhleb
Uskayaw
Wu Jian
Yredelemnul
Zin


Message History

You destroy the adder skeleton!
Cheibriados thoroughly appreciates the change of pace.
You hit the orc priest but do no damage.
The orc priest is poisoned.
The orc priest barely misses you.
You hit the orc priest.
The orc priest is moderately wounded.
The orc priest hits you with a short sword.
You hit the orc priest but do no damage.
The orc priest looks as sick as possible!
The orc priest is heavily wounded.
The orc priest hits you with a short sword.
You completely miss the orc priest.
The orc priest is heavily wounded.
The orc priest mumbles some strange prayers to Beogh against you.
Pain shoots through your body!
* * * LOW HITPOINT WARNING * * *
You closely miss the orc priest.
The orc priest is severely wounded.
The orc priest hits you with a short sword.
You die...

#<# #.# #.# #.# #.# #.#
#.# .
#.#################....
#..............@o....._
####################...


You could see an orc priest.

Vanquished Creatures
  Jessica (D:2)
  2 adders (D:2)
  An adder skeleton (D:5)
  A worm (D:2)
  A dart slug (D:2)
  A leopard gecko (D:3)
  9 orcs
  7 goblins
  7 hobgoblins
  2 quokkas
  2 bats (D:2)
  2 frilled lizards
  A kobold (D:2)
  A quokka skeleton (D:4)
  4 rats
42 creatures vanquished.

Notes
Turn   | Place    | Note
-------+----------+-------------------------------------------
     0 | D:1      | letownia2 the Merfolk Skald began the quest for the Orb.
     0 | D:1      | Reached XP level 1. HP: 16/16 MP: 3/3
   125 | D:2      | Reached skill level 4 in Polearms
   125 | D:2      | Reached XP level 2. HP: 22/22 MP: 0/5
   133 | D:2      | Learned a level 2 spell: Shroud of Golubria
   191 | D:2      | Noticed Jessica
   204 | D:2      | Killed Jessica
   204 | D:2      | Reached skill level 1 in Translocations
   204 | D:2      | Reached XP level 3. HP: 19/27 MP: 1/6
   213 | D:2      | Reached skill level 5 in Polearms
   234 | D:2      | HP: 2/40 [poisoned by an adder]
   272 | D:2      | Learned a level 3 spell: Spectral Weapon
   367 | D:2      | Reached XP level 4. HP: 11/33 MP: 2/7
   551 | D:2      | Reached skill level 1 in Hexes
   671 | D:4      | Found a staircase to the Ecumenical Temple.
   687 | Temple   | Entered the Ecumenical Temple
   693 | Temple   | Became a worshipper of Cheibriados the Contemplative
   749 | D:5      | Entered Level 5 of the Dungeon
   762 | D:4      | Found a glowing silver altar of Zin.
   888 | D:5      | Found a hide-covered altar of Uskayaw.
   908 | D:5      | Slain by an orc priest

Skill      XL: |  1  2  3  4 |
---------------+-------------+-----
Polearms       | 4 5 |  5.0
Translocations | 1 |  1.4
Hexes          | 1 |  1.4
Fighting       | |  2.3
Armour         | |  0.6
Dodging        | |  2.6
Spellcasting   | |  2.0
Charms         | |  3.8

Action                   |  1- 3 |  4- 6 || total
-------------------------+-------+-------++-------
Melee: Spear             |    63 |    47 ||   110
       Dagger            |       |    40 ||    40
       Tailslap          |       |     1 ||     1
 Cast: Infusion          |     3 |       ||     3
       Shroud of Golubri |     4 |    12 ||    16
       Spectral Weapon   |     1 |       ||     1
  Use: Potion            |     1 |       ||     1
 Stab: Sleeping          |     2 |       ||     2
  Eat: Chunk             |       |     2 ||     2
Armor: Leather armour    |     7 |     8 ||    15
       Skin              |     1 |       ||     1
Dodge: Dodged            |    13 |    36 ||    49
